 Dungeon Crawl Stone Soup version 0.23.0 (webtiles) character file.

Game seed: 15878292318847544326

2430 Flugkiller the Transmogrifier (level 9, -18/43 HPs)
             Began as a Felid Transmuter on Feb 11, 2019.
             Was a Believer of Fedhas.
             Demolished by an orc warrior
             ... wielding a +0 glaive
              (20 damage)
             ... on level 8 of the Dungeon.
             The game lasted 00:17:38 (14420 turns).

Flugkiller the Transmogrifier (Felid Transmuter)   Turns: 14420, Time: 00:17:38

Health: -18/43     AC:  2    Str:  6    XL:     9   Next: 24%
Magic:  14/15      EV: 23    Int: 15    God:    Fedhas [**....]
Gold:   373        SH:  0    Dex: 24    Spells: 1/12 levels left
                                        Lives:  0   Deaths: 2

rFire    . . .     SeeInvis +     - Unarmed
rCold    . . .     Gourm    .   (shield unavailable)
rNeg     . . .     Faith    .   (armour unavailable)
rPois    x         Spirit   .   (helmet unavailable)
rElec    .         Reflect  .   (cloak unavailable)
rCorr    .         Harm     .   (gloves unavailable)
MR       +....                  (boots unavailable)
Stlth    ++........             (no amulet)
HPRegen  0.14/turn              i - +1 ring of slaying
MPRegen  0.14/turn              (no ring)

@: spider-form (expiring)
A: tiny, no armour, no weapons or thrown items, stealth, see invisible,
carnivore, slow metabolism 1
a: End Transformation, Fungal Bloom, Sunlight, Evolution, Renounce Religion


You were on level 8 of the Dungeon.
You worshipped Fedhas.
Fedhas was pleased with you.
You were not hungry.
You were a venomous arachnid creature.
You visited 2 branches of the dungeon, and saw 9 of its levels.

You collected 373 gold pieces.

Inventory:

Missiles
 a - 122 arrows
Jewellery
 i - a +1 ring of slaying (left front leg)
   (You took it off a goblin on level 2 of the Dungeon)
 v - an uncursed amulet of harm {unknown}
   (You found it on level 8 of the Dungeon)
Wands
 o - a wand of paralysis (6)
   (You took it off Ijyb on level 4 of the Dungeon)
 t - a wand of digging (6)
   (You took it off an orc on level 5 of the Dungeon)
 u - a wand of enslavement (6)
   (You found it on level 8 of the Dungeon)
 x - a wand of acid (13)
   (You found it on level 8 of the Dungeon)
Scrolls
 b - 2 scrolls of magic mapping
 d - 3 scrolls of enchant weapon {unknown}
 e - a scroll of teleportation
 h - 2 scrolls of enchant armour {unknown}
 j - 2 scrolls of identify
 k - a scroll of remove curse {unknown}
 m - a scroll of blinking {unknown}
 n - a scroll of immolation {unknown}
 q - a scroll of fog {unknown}
 r - a scroll of fear
Potions
 f - a potion of curing
 g - a potion of might
 l - 6 potions of lignification
 p - a potion of flight {unknown}
 s - a potion of agility
 w - a potion of cancellation {unknown}
Comestibles
 c - 10 rations


   Skills:
 - Level 7.0 Fighting
 - Level 4.0 Dodging
 - Level 8.1 Unarmed Combat
 - Level 2.0 Spellcasting
 - Level 8.2 Transmutations
 - Level 4.2 Ice Magic
 - Level 1.0 Poison Magic
 + Level 7.1 Invocations
 + Level 1.8 Evocations


You had one spell level left.
You knew the following spells:

 Your Spells              Type           Power        Failure   Level  Hunger
a - Beastly Appendage     Tmut           ####..       4%          1    #......
b - Sticks to Snakes      Tmut           ####....     5%          2    ###....
c - Spider Form           Tmut/Pois      ###.......   24%         3    ###....
d - Confusing Touch       Hex            #.....       43%         1    #......
e - Ice Form              Ice/Tmut       ###.....     36%         4    #####..

Your spell library contained the following spells:

 Spells                   Type           Power        Failure   Level  Hunger
 Animate Skeleton         Necr           N/A          43%         1    #......
 Apportation              Tloc           #.....       43%         1    #......
 Summon Small Mammal      Summ           #...         43%         1    #......
 Blade Hands              Tmut           ####......   43%         5    ######.
 Poisonous Vapours        Pois/Air       #.....       47%         2    ###....
 Mephitic Cloud           Conj/Pois/Air  #.......     71%         3    ###....
 Conjure Flame            Conj/Fire      #.......     75%         3    ###....
 Freezing Cloud           Conj/Ice/Air   #.........   100%        6    #######
 Ring of Flames           Chrm/Fire      #.........   100%        7    #######


Dungeon Overview and Level Annotations

Branches:
Dungeon (8/15)             Temple (1/1) D:4            Lair (0/6) D:8

Altars:
Ashenzari
Cheibriados
Dithmenos
Elyvilon
Fedhas
Gozag
Hepliaklqana
Kikubaaqudgha
Makhleb
Nemelex Xobeh
Okawaru
Qazlal
Ru
Sif Muna
Trog
Uskayaw
Vehumet
Wu Jian
Xom
Yredelemnul
Zin
The Shining One

Annotations:
D:2 Terence


Innate Abilities, Weirdness & Mutations

You cannot wear armour.
You are incapable of wielding weapons or throwing items.
Your paws allow you to move quietly. (Stealth)
((You have sharp claws.))
((You have razor-sharp teeth.))
You have supernaturally acute eyesight. (SInv)
You are carnivorous and can eat meat at any time.
((You cover ground quickly.))
((You are covered in thick fur. (AC +2)))
You have a slow metabolism.
((Your sharp claws are effective at attacking unaware monsters.))


Message History

You scratch the rat.
You kill the rat!
No target in view!
No target in view!
You start resting.
The orc wizard is too close now for your liking.
The orc wizard shouts!
You hear a shout!
The orc wizard gestures at you while chanting.
The magic dart hits you!
You see here a +0 giant club.
There is a stone staircase leading down here.
Casting: Spider Form (safe; 10% risk of failure)
Confirm with . or Enter, or press ? or * to list all spells.
You turn into a venomous arachnid creature.
The orc wizard barely misses you.
You are too injured to fight recklessly!
You are too injured to fight recklessly!
You are too injured to fight recklessly!
You bite the orc wizard!
You kill the orc wizard!
You now have 373 gold pieces (gained 10).
Things that are here:
a +0 spear; a +0 robe; an orc corpse A toadstool grows before you.
Some toadstools grow from nearby corpses.
Fedhas appreciates your contribution to the ecosystem.
Things that are here:
a +0 spear; a +0 robe; an orc skeleton
There is a stone staircase leading down here.
An orc warrior comes into view. It is wielding a +0 glaive.
An orc warrior is nearby!
An orc warrior is nearby!
You see here a +0 giant club.
You closely miss the orc warrior. The orc warrior completely misses you.
You hit the orc warrior.
The orc warrior is poisoned.
The orc warrior is lightly wounded.
A nearby toadstool withers and dies.
You bite the orc warrior!
The orc warrior looks as sick as possible!
The orc warrior is moderately wounded.
Your transformation is almost over.
The orc warrior hits you with a +0 glaive!!
Ouch! That really hurt!
* * * LOW HITPOINT WARNING * * *
You bite the orc warrior!
The orc warrior looks as sick as possible!
The orc warrior is severely wounded.
The orc warrior hits you with a +0 glaive!!
You die...
Fedhas appreciates your contribution to the ecosystem.

# ........... ...... ##.##
#o .#...)...#.###..# #..#
#o ..........))...# #O## #o
#.K....#.###P.# #o# #o
...K.... #P)# #.# #.
#KK.### #).# #.# #o ... #K#
#.f# #.# #. ... #.# #)>#
#.# ..# #)#######s.######<#
..#
#.......o..).....(#######.
..
#########..#####..()...รท..
# #..# #>######### #..##
##...## #...###.....#
##.....)....# ##.###....)#
#.# ##...##


You could see an orc warrior and a friendly wandering mushroom.

Vanquished Creatures
  Joseph (D:8)
  Psyche (D:8)
  Grinder (D:5)
  6 yaks
  Eustachio (D:4)
  An orc warrior (D:8)
  3 ice beasts
  2 phantoms
  A sky beast (D:5)
  A necrophage (D:6)
  5 ogres
  A centaur (D:5)
  6 bullfrogs
  5 scorpions
  5 wights (D:8)
  A crimson imp (D:7)
  A quasit (D:7)
  4 orc priests
  5 hounds
  A centaur zombie (D:7)
  5 iguanas
  A bullfrog skeleton (D:6)
  2 jellies
  13 orc wizards
  Jessica (D:3)
  9 worker ants
  A hell rat (D:8)
  A worker ant zombie (D:6)
  7 gnolls
  14 adders
  4 shadow imps
  An adder skeleton (D:8)
  5 worms
  2 dart slugs (D:1)
  5 leopard geckos
  39 orcs
  6 bats
  A bat zombie (D:3)
  4 giant cockroaches
  10 goblins
  9 hobgoblins
  13 jackals
  3 quokkas
  4 ball pythons
  7 frilled lizards
  9 kobolds
  8 rats
236 creatures vanquished.

Vanquished Creatures (collateral kills)
  A big kobold (D:8)
  A bullfrog (D:8)
  Ijyb (D:4)
  An adder (D:4)
  5 kobolds (D:8)
9 creatures vanquished.

Vanquished Creatures (others)
  A jelly (D:5)
  95 toadstools
96 creatures vanquished.

Grand Total: 341 creatures vanquished

Notes
Turn   | Place    | Note
-------+----------+-------------------------------------------
     0 | D:1      | Flugkiller the Felid Transmuter began the quest for the
                  | Orb.
     0 | D:1      | Reached XP level 1. HP: 9/9 MP: 4/4
   277 | D:1      | Reached XP level 2. HP: 12/12 MP: 6/6
   730 | D:1      | Reached XP level 3. HP: 10/15 MP: 7/7
  1544 | D:2      | Reached XP level 4. HP: 9/19 MP: 5/8
  2202 | D:2      | Noticed Terence
  2756 | D:3      | Reached XP level 5. HP: 3/23 MP: 7/9
  3266 | D:3      | Noticed Jessica
  3274 | D:3      | Killed Jessica
  3274 | D:3      | Reached skill level 5 in Unarmed Combat
  3537 | D:3      | Found a sparkling altar of Nemelex Xobeh.
  3537 | D:3      | Found a hazy altar of Hepliaklqana.
  4466 | D:3      | Found an ancient bone altar of Kikubaaqudgha.
  4540 | D:4      | Gained mutation: You are covered in thick fur. (AC +2)
                  | [Felid growth]
  4540 | D:4      | Reached XP level 6. HP: 9/28 MP: 10/10
  4636 | D:3      | Learned a level 2 spell: Sticks to Snakes
  4684 | D:4      | Found a staircase to the Ecumenical Temple.
  5910 | Temple   | Entered the Ecumenical Temple
  6066 | Temple   | Became a worshipper of Fedhas Madash
  6102 | D:4      | Noticed Ijyb
  6119 | D:4      | Killed Ijyb
  6119 | D:4      | Reached XP level 7. HP: 27/32 MP: 1/11
  6202 | D:4      | Learned a level 3 spell: Spider Form
  6208 | D:4      | Noticed Eustachio
  6225 | D:4      | Killed Eustachio
  6225 | D:4      | Reached skill level 1 in Poison Magic
  6843 | D:5      | Entered Level 5 of the Dungeon
  6845 | D:5      | Noticed Grinder
  6924 | D:5      | Reached skill level 5 in Fighting
  7171 | D:5      | Reached XP level 8. HP: 24/37 MP: 9/12
  7534 | D:5      | Killed Grinder
  7534 | D:5      | Reached skill level 5 in Transmutations
  7616 | D:5      | Learned a level 1 spell: Confusing Touch
  7745 | D:5      | HP: 1/38 [shadow imp/nerve-wracking pain (8)]
  8313 | D:5      | Found a glowing golden altar of the Shining One.
  8313 | D:5      | Found a basalt altar of Yredelemnul.
  8497 | D:5      | Noticed a profane servitor
  8515 | D:5      | Noticed an angel
  9625 | D:6      | Reached XP level 9. HP: 42/42 MP: 9/13
  9711 | D:6      | Reached * piety under Fedhas
 10177 | D:6      | Reached skill level 1 in Invocations
 11554 | D:6      | Learned a level 4 spell: Ice Form
 11854 | D:6      | Reached skill level 1 in Ice Magic
 12211 | D:7      | Slain by a phantom
 12212 | D:7      | Reached XP level 8. HP: -1/40 MP: 9/12
 12319 | D:7      | Reached XP level 9. HP: 43/43 MP: 9/13
 12323 | D:7      | Found a flagged portal.
 12329 | D:7      | Reached skill level 5 in Invocations
 12601 | D:7      | Reached ** piety under Fedhas
 12820 | D:7      | Found an iron altar of Okawaru.
 13503 | D:8      | Found a staircase to the Lair.
 13503 | D:8      | Noticed a death yak
 13503 | D:8      | Noticed a death yak
 13608 | D:8      | Noticed a death yak
 13753 | D:8      | Noticed Psyche
 13764 | D:8      | Noticed Joseph
 13773 | D:8      | Killed from afar by Psyche
 13774 | D:8      | Reached XP level 8. HP: -5/40 MP: 11/13
 13786 | D:8      | Killed Psyche
 13803 | D:8      | Killed Joseph
 13803 | D:8      | Reached XP level 9. HP: 18/43 MP: 10/15
 14237 | D:8      | Reached skill level 1 in Evocations
 14419 | D:8      | HP: 2/43 [orc warrior/+0 glaive (24)]
 14420 | D:8      | Demolished by an orc warrior

Skill      XL: |  1  2  3  4  5  6  7  8  9 |
---------------+----------------------------+-----
Unarmed Combat | 4 5 6 7 8 |  8.1
Dodging        | 3 4 |  4.0
Fighting       | 2 3 4 5 6 7 |  7.0
Transmutations | 3 4 6 8 |  8.2
Poison Magic   | 1 |  1.0
Invocations    | 6 7 |  7.1
Ice Magic      | 4 3 |  4.2
Evocations     | 1 |  1.8
Spellcasting   | |  2.0

Action                   |  1- 3 |  4- 6 |  7- 9 || total
-------------------------+-------+-------+-------++-------
Melee: Unarmed           |   124 |   204 |   496 ||   824
       Punch             |     3 |     6 |     1 ||    10
       Bite              |     3 |    25 |     3 ||    31
       Headbutt          |     6 |    24 |       ||    30
 Cast: Beastly Appendage |     5 |    38 |     3 ||    46
       Sticks to Snakes  |       |    14 |     9 ||    23
       Spider Form       |       |       |    64 ||    64
Invok: Fungal Bloom      |       |       |    30 ||    30
       Evolution         |       |       |     1 ||     1
 Abil: End Transformatio |       |       |     1 ||     1
  Use: Potion            |       |     2 |     2 ||     4
       Scroll            |       |     1 |     6 ||     7
 Stab: Sleeping          |     2 |     8 |    10 ||    20
       Distracted        |       |     1 |       ||     1
       Confused          |       |       |     1 ||     1
  Eat: Chunk             |     9 |    11 |    11 ||    31
       Ration            |       |       |     1 ||     1
Armor: Skin              |     2 |     7 |    21 ||    30
Dodge: Dodged            |    98 |   181 |   374 ||   653
